 Dungeon Crawl Stone Soup version 0.29-a0-330-g52719c12eb (webtiles) character file.

Game seed: 6082135238368993208

58 Antichthon the Grasshopper (level 4, 0/40 HPs)
             Began as a Naga Warper on Apr 13, 2022.
             Slain by a crimson imp (2 damage)
             ... summoned by Natasha
             ... on level 2 of the Dungeon.
             The game lasted 00:03:00 (1677 turns).

Antichthon the Grasshopper (Naga Warper)            Turns: 1677, Time: 00:03:00

Health: 0/40       AC:  3    Str: 13    XL:     4   Next: 1%
Magic:  7/7        EV:  9    Int: 14    God:
Gold:   68         SH:  0    Dex: 12    Spells: 2/7 levels left

rFire   . . .      SeeInvis +   a - +1 hand axe
rCold   . . .      Faith    .   (no shield)
rNeg    . . .      Spirit   .   g - +0 leather armour
rPois   +          Reflect  .   (no helmet)
rElec   .          Harm     .   (no cloak)
rCorr   .          Rampage  .   (no gloves)
Will    .....                   (no barding)
Stlth   +.........              (no amulet)
HPRegen 0.13/turn               (no ring)
MPRegen 0.10/turn               (no ring)

@: very slow
A: AC +1, large, see invisible, deformed body, poison resistance, slowness 2,
spit poison 1, naga tail 1
a: Spit Poison


You were on level 2 of the Dungeon.
You visited 1 branch of the dungeon, and saw 2 of its levels.

You collected 68 gold pieces.

Inventory:

Hand Weapons
 a - a +1 hand axe (weapon)
 b - a +0 hunting sling
Missiles
 d - 7 boomerangs of dispersal (quivered)
Armour
 g - a +0 leather armour (worn)
Scrolls
 c - a scroll of blinking
 f - 3 scrolls of magic mapping
 h - 3 scrolls of teleportation
Potions
 e - 2 potions of mutation {unknown}
 i - a potion of might {unknown}


   Skills:
 * Level 2.3 Fighting
 * Level 2.1 Axes
 * Level 0.3(0.6) Slings
 - Level 0.8(1.0) Throwing
 * Level 1.3 Armour
 * Level 1.7 Dodging
 * Level 1.4 Stealth
 * Level 0.3 Shields
 * Level 2.1 Spellcasting
 * Level 3.3 Translocations
 * Level 0.4 Transmutations
 * Level 0.5 Earth Magic
 * Level 0.3 Invocations


You had 2 spell levels left.
You knew the following spells:

 Your Spells              Type           Power      Damage    Failure   Level
a - Blink                 Tloc           20%        N/A       12%         2
b - Teleport Other        Tloc           10%        N/A       22%         3

Your spell library contained the following spells:

 Spells                   Type           Power      Damage    Failure   Level
 Gell's Gravitas          Tloc           10%        N/A       22%         3
 Lesser Beckoning         Tloc           10%        N/A       22%         3
 Manifold Assault         Tloc           10%        N/A       91%         5


Dungeon Overview and Level Annotations

Branches:
Dungeon (2/15)

Altars:

Annotations:
D:2 1 runed translucent door, Crazy Yiuf, Natasha


Innate Abilities, Weirdness & Mutations

Your serpentine skin is tough. (AC +1)
You have supernaturally acute eyesight. (SInv)
Armour fits poorly on your strangely shaped body.
Your system is resistant to poisons. (rPois)
You cover ground very slowly.
You can spit poison.
You have a snake-like lower body.


Message History

You have got your breath back.
Found a robe.
Natasha, Servant of Life and Death comes into view.
Aiming: Spit Poison (1% risk of failure)
Press: ? - help, Shift-Dir - straight line, f - Natasha
Aim: Natasha (wandering, hasn't noticed you, 50% to hit)
The splash of poison misses Natasha.
Natasha mumbles some strange words.
Unknown command.
Fire: b) +0 hunting sling
Press: ? - help, Q - select action, (/) - cycle Shift-Dir - straight line, f/p - Natasha
Aim: Natasha (45% to hit)
You shoot a sling bullet.
The sling bullet closely misses Natasha.
Unknown command.
a - a +1 hand axe (weapon)
You completely miss Natasha.
You have got your breath back.
Natasha claws you.
You miss Natasha. You barely miss the crimson imp. Natasha claws you!
The crimson imp hits you.
You hit Natasha.
Natasha is heavily wounded.
You hit the crimson imp. Natasha claws you! The crimson imp closely misses you.
Natasha claws you.
* * * LOW HITPOINT WARNING * * *
You hit Natasha but do no damage.
Natasha is heavily wounded.
You completely miss the crimson imp. The crimson imp barely misses you.
Natasha stares at you and mumbles some strange words.
You resist with some effort.
You closely miss Natasha.
Natasha is heavily wounded.
You hit the crimson imp but do no damage.
The crimson imp hits you.
* * * LOW HITPOINT WARNING * * *
Natasha claws you!
* * * LOW HITPOINT WARNING * * *
The crimson imp hits you.
You die...

#. ### #. #.))# #.
##.+).g# .### ).#
... ### ##
#.####### #
#.#####h5.....#
#......@.......
### ###
##...........[#
##.###.##
#..########..#
...##.#.###..#
#..#
.....###.##..#####
#..#
#####.#.###......#
#..# ##.##
#.####.# #..# #.#
#.# #.# #..#
#.####.# #.# #..#


You could see Natasha and a crimson imp (summoned).

Vanquished Creatures
  Natasha (D:2)
  An adder (D:2)
  3 bats
  An endoplasm (D:1)
  A giant cockroach (D:2)
  4 goblins
  4 hobgoblins (D:1)
  2 kobolds (D:1)
  A ball python (D:1)
  2 frilled lizards (D:1)
  2 rats (D:1)
22 creatures vanquished.

Notes
Turn   | Place    | Note
-------+----------+-------------------------------------------
     0 | D:1      | Antichthon the Naga Warper began the quest for the Orb.
     0 | D:1      | Reached XP level 1. HP: 19/19 MP: 3/3
   150 | D:1      | Found a faded altar of an unknown god.
   446 | D:1      | Reached skill level 1 in Armour
   446 | D:1      | Reached XP level 2. HP: 26/26 MP: 5/5
  1277 | D:1      | Reached skill level 1 in Stealth
  1491 | D:2      | Found a runed translucent door.
  1492 | D:2      | Noticed Crazy Yiuf
  1517 | D:2      | Reached XP level 3. HP: 31/32 MP: 6/6
  1521 | D:2      | Learned a level 2 spell: Blink
  1525 | D:2      | Learned a level 3 spell: Teleport Other
  1591 | D:2      | Noticed Natasha
  1598 | D:2      | Killed Natasha
  1658 | D:2      | Reached XP level 4. HP: 40/40 MP: 7/7
  1669 | D:2      | Noticed Natasha
  1677 | D:2      | HP: 2/40 [Natasha (7)]
  1677 | D:2      | Slain by a crimson imp

Illustrated notes

Levels and vault maps discovered:
D:1:      evilmike_arrival_plus, layout_loops_corners,
          hellmonk_ecumenical_altar_inner_sanctum
D:2:      layout_loops_ring, serial_shops, nicolae_shop_hallway_plus,
          uniq_crazy_yiuf_cottage, uniq_terence, uniq_natasha

Skill      XL: |  1  2 |
---------------+-------+-----
Armour         | 1 |  1.3
Stealth        | 1 |  1.4
Fighting       | |  2.3
Axes           | |  2.1
Slings         | |  0.3
Throwing       | |  0.8
Dodging        | |  1.7
Shields        | |  0.3
Spellcasting   | |  2.1
Translocations | |  3.3
Transmutations | |  0.4
Earth Magic    | |  0.5
Invocations    | |  0.3

Action                   |  1- 3 |  4- 6 || total
-------------------------+-------+-------++-------
Melee: Hand axe          |    43 |     5 ||    48
 Fire: Hunting sling     |    10 |     1 ||    11
 Abil: Spit Poison       |    13 |     1 ||    14
  Use: Scroll            |     3 |       ||     3
Armor: Leather armour    |    10 |       ||    10
Dodge: Dodged            |    26 |     2 ||    28

Table legend: (Time is in decaauts)
 A = Elapsed time spent in this place.
 B = Non-inter-level travel time spent in this place.
 C = Inter-level travel time spent in this place.
 D = Time resting spent in this place.
 E = Time spent auto-exploring this place.
 F = Levels seen in this place.
 G = Mean time per level.
                   A        B        C        D        E       F      G
               +--------+--------+--------+--------+--------+-----+--------+
         Total |   2075 |   2027 |     48 |    278 |   1482 |   2 | 1037.5 |
       Dungeon |   2075 |   2027 |     48 |    278 |   1482 |   2 | 1037.5 |
               +--------+--------+--------+--------+--------+-----+--------+

Top non-repeatable levels by time:
     D:1: 1763 daAuts
     D:2: 312 daAuts
